 Dungeon Crawl Stone Soup version 0.31.0-32-g396128a36d (webtiles) character file.

Game seed: 15680806578023505150

10232 Lemonizer the Grappler (level 11, -2/119 HPs)
             Began as a Troll Air Elementalist on Apr 23, 2024.
             Was a Follower of Dithmenos.
             Slain by a harpy simulacrum (7 damage)
             ... on level 1 of the Lair of Beasts.
             The game lasted 00:17:40 (9409 turns).

Lemonizer the Grappler (Troll Air Elementalist)     Turns: 9409, Time: 00:17:41

Health: -2/119     AC: 12    Str: 28    XL:     11   Next: 33%
Magic:  11/11      EV: 10    Int: 11    God:    Dithmenos [*.....]
Gold:   705        SH:  0    Dex: 10    Spells: 8/12 levels left

rFire   . .          .
                       - Unarmed
rCold   . . .        (no shield)
rNeg    . . .        B - +0 steam dragon scales
rPois   .            (helmet restricted)
rElec   .            A - +0 cloak
rCorr   .            (gloves unavailable)
SInv    .            (boots unavailable)
Will    .....        (no amulet)
Stlth   ++           m - +6 ring of strength
HPRegen 1.19/turn    I - +4 ring of protection
MPRegen 0.12/turn

%: no passive effects
@: about to teleport, wreathed by umbra
A: large, unfitting armour, claws 3, regeneration 1, shaggy fur 1, tough skin 1
a: Renounce Religion


You were on level 1 of the Lair of Beasts.
You worshipped Dithmenos.
Dithmenos was aware of your devotion.
You visited 3 branches of the dungeon, and saw 12 of its levels.

You collected 705 gold pieces.

Inventory:

Missiles
 p - 9 boomerangs (quivered)
 v - 6 darts of dispersal
 J - a throwing net
Armour
 A - a +0 cloak (worn)
 B - +0 steam dragon scales (worn)
 H - an orb of mayhem
Magical Staves
 w - a staff of air
Jewellery
 m - a +6 ring of strength (left claw)
 n - an amulet of faith
 z - a ring of see invisible
 I - a +4 ring of protection (right claw)
 N - a ring of flight
Talismans
 y - a maw talisman
Wands
 l - a wand of mindburst (22)
 G - a wand of paralysis (4)
 L - a wand of flame (36)
 M - a wand of polymorph (13)
 O - a wand of digging (4)
Scrolls
 a - 3 scrolls of brand weapon {unknown}
 d - 5 scrolls of teleportation
 e - a scroll of blinking {unknown}
 g - a scroll of fear
 i - a scroll of noise {unknown}
 j - 2 scrolls of fog {unknown}
 o - a scroll of poison {unknown}
 q - 2 scrolls of enchant armour {unknown}
 t - a scroll of amnesia {unknown}
 D - a scroll of revelation {unknown}
 E - a scroll of identify {unknown}
 K - a scroll of acquirement {unknown}
 P - a scroll of summoning {unknown}
Potions
 b - 2 potions of magic
 c - a potion of mutation {unknown}
 f - a potion of invisibility
 h - 6 potions of curing {unknown}
 k - a potion of berserk rage {unknown}
 r - a potion of might {unknown}
 s - a potion of brilliance {unknown}
 u - 5 potions of heal wounds {unknown}
 x - a potion of resistance {unknown}
 C - 2 potions of enlightenment {unknown}
 F - 2 potions of cancellation {unknown}


   Skills:
 + Level 10.4 Fighting
 + Level 4.1 Dodging
 - Level 1.0 Stealth
 - Level 12.1 Unarmed Combat
 - Level 1.2 Spellcasting
 - Level 0.6 Conjurations
 - Level 2.0 Air Magic


You had 8 spell levels left.
You knew the following spells:

 Your Spells              Type           Power      Damage    Failure   Level
a - Shock                 Conj/Air       12%        1d3       19%         1
b - Swiftness             Air            5%         N/A       38%         3

Your spell library contained the following spells:

 Spells                   Type           Power      Damage    Failure   Level
 Static Discharge         Conj/Air       6%         3-4/arc   28%         2
 Cigotuvi's Dreadful Rot  Necr/Alch/Air  4%         N/A       36%         2
 Airstrike                Air            2%         2d(1-17)  80%         4
 Dispel Undead            Necr           0%         3d6       97%         4
 Martyr's Knell           Necr/Summ      0%         N/A       97%         4
 Alistair's Intoxication  Alch           0%         N/A       100%        5
 Borgnjor's Vile Clutch   Necr/Erth      0%         N/A       100%        5
 Death Channel            Necr           0%         N/A       100%        6
 Eringya's Noxious Bog    Alch           0%         4d6       100%        6


Dungeon Overview and Level Annotations

Branches:
Dungeon (10/15)            Temple (1/1) D:7            Lair (1/5) D:8
    Orc (0/2) D:9

Altars:
Ashenzari
Cheibriados
Dithmenos
Elyvilon
Fedhas
Gozag
Hepliaklqana
Kikubaaqudgha
Makhleb
Nemelex Xobeh
Okawaru
Qazlal
Ru
Sif Muna
Trog
Vehumet
Wu Jian
Xom
Yredelemnul
Zin
The Shining One


Innate Abilities, Weirdness & Mutations

You are too large for most types of armour.
You have claws for hands.
Your natural rate of healing is unusually fast.
You are covered in fur. (AC +1)
You have tough skin. (AC +1)


Message History

Found 21 gold pieces.
The polar bear growls angrily.
You hear a shout!
A rime drake comes into view.
The wolf bites you! The wolf barely misses you.
An elephant simulacrum comes into view.
The rime drake hisses angrily.
The wolf bites you but does no damage.
A death yak comes into view.
The rime drake breathes ice at you. The icy flash freeze hits you!
You are encased in ice.
A death yak simulacrum comes into view.
The wolf howls!
The death yak bellows!
The wolf bites you. The wolf barely misses you.
The wolf bites you but does no damage. The ice encasing you melts away.
The harpy simulacrum attacks as it pursues you!
The harpy simulacrum misses you.
The harpy simulacrum claws you but does no damage.
The harpy simulacrum claws you. The harpy simulacrum freezes you!!
The harpy simulacrum claws you. The harpy simulacrum freezes you!
The harpy simulacrum claws you. The harpy simulacrum freezes you!
The harpy simulacrum claws you. The harpy simulacrum freezes you!
The wolf bites you but does no damage.
The harpy simulacrum attacks as it pursues you!
The harpy simulacrum misses you.
The harpy simulacrum claws you but does no damage.
As you read the scroll of teleportation, it crumbles to dust.
You feel strangely unstable. The wolf closely misses you.
The harpy simulacrum claws you. The harpy simulacrum freezes you!
The harpy simulacrum barely misses you. The wolf bites you.
* * * LOW HITPOINT WARNING * * *
The harpy simulacrum attacks as it pursues you!
The harpy simulacrum claws you!
* * * LOW HITPOINT WARNING * * *
The harpy simulacrum freezes you!!
* * * LOW HITPOINT WARNING * * *
The harpy simulacrum claws you but does no damage.
The harpy simulacrum claws you!
You die...

..##.## #...## #..#####
#....#
#......#####....#
#...#...........# ###
#....###.#....#.###
###.## ######
###(.......######....##
#..##P###............#
##..######.k.†......###
##.###.@Z##......#.#.#
#.......hh...Y.....##
#P..#...#.###.......##.
############......[....
#..###h......
#..P##.Y.....
#......#Z...#
#.....###.... ~~~Zh~~
~~#.


You could see a death yak, a polar bear, a rime drake, a wolf and a harpy
simulacrum.

Vanquished Creatures
  2 two-headed ogres
  2 black mambas (Lair:1)
  Joseph (D:7)
  2 cane toads (Lair:1)
  Jeremiah (D:7)
  4 komodo dragons (Lair:1)
  A troll (D:9)
  A hornet (D:9)
  9 yaks
  2 wyverns (Lair:1)
  2 basilisks (Lair:1)
  A warg (D:9)
  A steam dragon (D:6)
  2 water moccasins (Lair:1)
  3 ice beasts
  2 orc warriors
  2 centaurs (D:7)
  3 ogres
  4 wolves (Lair:1)
  2 kobold brigands (D:9)
  A phantom (D:6)
  A gnoll sergeant (D:6)
  4 bullfrogs
  4 scorpions
  7 killer bees
  6 howler monkeys
  3 bombardier beetles
  2 jellies (D:5)
  Crazy Yiuf (D:5)
  4 orc priests
  3 hounds (D:5)
  A gnoll bouda (D:7)
  2 sleepcaps
  Natasha (twice) (D:2)
  4 iguanas
  4 orc wizards
  15 gnolls
  11 adders
  A shadow imp (D:5)
  A white imp (D:7)
  A ribbon worm (D:2)
  2 dart slugs
  16 orcs
  6 endoplasms
  3 giant cockroaches
  5 goblins
  5 hobgoblins
  4 quokkas
  13 ball pythons
  A bat (D:2)
  A frilled lizard (D:2)
  6 kobolds
  8 rats
195 creatures vanquished.

Notes
Turn   | Place    | Note
-------+----------+-------------------------------------------
     0 | D:1      | Lemonizer the Troll Air Elementalist began the quest for
                  | the Orb.
     0 | D:1      | Reached XP level 1. HP: 16/16 MP: 1/1
   194 | D:1      | Reached skill level 1 in Unarmed Combat
   202 | D:1      | Reached XP level 2. HP: 26/26 MP: 2/2
   365 | D:1      | Reached skill level 1 in Fighting
   684 | D:2      | Found a faded altar of an unknown god.
   821 | D:2      | Reached XP level 3. HP: 30/33 MP: 3/3
   856 | D:2      | Reached skill level 2 in Unarmed Combat
   889 | D:2      | Learned a level 3 spell: Swiftness
   891 | D:2      | Found a shimmering blue altar of Sif Muna.
   960 | D:2      | Noticed Natasha
   970 | D:2      | Killed Natasha
   981 | D:2      | Reached XP level 4. HP: 41/42 MP: 4/4
  1182 | D:2      | You fall into a shaft and drop 1 floor!
  1440 | D:3      | Found a broken altar of Ashenzari.
  1471 | D:3      | Reached skill level 3 in Unarmed Combat
  1631 | D:3      | Reached XP level 5. HP: 42/50 MP: 5/5
  2296 | D:2      | Noticed Natasha
  2307 | D:2      | Killed Natasha
  2468 | D:4      | Identified the +2 quarterstaff of Amortisation {heavy,
                  | Will+}
  2615 | D:4      | Reached skill level 4 in Unarmed Combat
  2615 | D:4      | Reached XP level 6. HP: 56/61 MP: 6/6
  2938 | D:4      | Found a sparkling altar of Nemelex Xobeh.
  3091 | D:5      | Entered Level 5 of the Dungeon
  3149 | D:5      | Noticed an ice beast
  3156 | D:5      | Killed an ice beast
  3157 | D:5      | Reached skill level 5 in Unarmed Combat
  3157 | D:5      | Reached XP level 7. HP: 57/70 MP: 7/7
  3553 | D:5      | Found a glowing silver altar of Zin.
  3642 | D:5      | Reached skill level 5 in Fighting
  3642 | D:5      | Reached skill level 6 in Unarmed Combat
  3889 | D:5      | Reached XP level 8. HP: 61/80 MP: 8/8
  4108 | D:5      | Found a runed translucent door.
  4109 | D:5      | Noticed Crazy Yiuf
  4117 | D:5      | Killed Crazy Yiuf
  4272 | D:6      | Reached skill level 7 in Unarmed Combat
  4457 | D:6      | Found a hazy altar of Hepliaklqana.
  4674 | D:6      | Reached skill level 8 in Unarmed Combat
  4681 | D:6      | Reached XP level 9. HP: 76/93 MP: 9/9
  5187 | D:7      | Found a staircase to the Ecumenical Temple.
  5282 | D:7      | Found an opulent altar of Gozag.
  5325 | D:7      | Reached skill level 9 in Unarmed Combat
  5530 | D:8      | Found a staircase to the Lair.
  5721 | Temple   | Entered the Ecumenical Temple
  5732 | Temple   | Became a worshipper of Dithmenos the Shadowed
  6000 | D:7      | Found a white marble altar of Elyvilon.
  6213 | D:7      | Noticed Joseph
  6246 | D:7      | Killed Joseph
  6364 | D:7      | Noticed Jeremiah
  6408 | D:7      | Killed Jeremiah
  6409 | D:7      | Reached skill level 10 in Unarmed Combat
  7191 | D:8      | Noticed a two-headed ogre
  7196 | D:8      | Killed a two-headed ogre
  7197 | D:8      | Reached XP level 10. HP: 99/106 MP: 10/10
  7678 | D:9      | Found a sacrificial altar of Ru.
  8031 | D:9      | Found an iron altar of Okawaru.
  8201 | D:9      | Noticed a two-headed ogre
  8204 | D:9      | Reached * piety under Dithmenos
  8208 | D:9      | Killed a two-headed ogre
  8209 | D:9      | Reached skill level 11 in Unarmed Combat
  8348 | D:9      | Found a staircase to the Orcish Mines.
  8801 | D:10     | Entered Level 10 of the Dungeon
  8812 | D:10     | Noticed a gargoyle
  8859 | D:10     | Noticed a two-headed ogre
  8859 | D:10     | Found a blossoming altar of Fedhas.
  8897 | Lair:1   | Entered Level 1 of the Lair of Beasts
  8934 | Lair:1   | Noticed a black mamba
  8940 | Lair:1   | Killed a black mamba
  8966 | Lair:1   | Noticed a cane toad
  8972 | Lair:1   | Killed a cane toad
  9075 | Lair:1   | Noticed a cane toad
  9078 | Lair:1   | Reached skill level 10 in Fighting
  9078 | Lair:1   | Reached XP level 11. HP: 115/117 MP: 11/11
  9164 | Lair:1   | Reached skill level 12 in Unarmed Combat
  9398 | Lair:1   | Noticed a death yak
  9409 | Lair:1   | HP: 5/119 [harpy simulacrum (19)]
  9409 | Lair:1   | Slain by a harpy simulacrum

Illustrated notes

Levels and vault maps discovered:
D:1:      sevenhm_arrival_forest_fort_small_3, layout_loops_ring
D:2:      layout_loops_corners, serial_bayou, serial_bayou_pond_b,
          serial_bayou_pond_d, serial_bayou_ford_a, serial_bayou_lagoon_a,
          serial_bayou_lagoon_b, serial_bayou_pond_d,
          hellmonk_ecumenical_altar_crossroads, basic_altar,
          kennysheep_generic_room_7, uniq_natasha
D:3:      layout_basic, cheibrodos_ashenzari_chains, saegor_snake_ambush
D:4:      layout_loops_ring, kennysheep_little_box
D:5:      minmay_diamond_boxcup, layout_basic, zin_scriptorium,
          uniq_crazy_yiuf_cottage
D:6:      layout_loops_ring, mainiacjoe_overflow_brackets, kennysheep_donut,
          kennysheep_diamond, kennysheep_generic_room_15
D:7:      layout_layer_cave, marbit_many_paths, general_overflow_altar,
          minmay_temple_entry_from_below_a, uniq_jeremiah, uniq_joseph
D:8:      layout_basic, lair_entry_dummy
D:9:      layout_roguey, nicolae_ru_sacrificial_ziggurat, lemuel_round_altar,
          erik_orc_3
D:10:     layout_rooms, fedhas_altar_3, mainiacjoe_overflow_alcove_4, uniq_lodul
Temple:   hellmonk_temple_flake
Lair:1:   dreamdust_isle_of_ice, layout_misc_corridors, lemuel_centaur_altar

Skill      XL: |  1  2  3  4  5  6  7  8  9 10 11 |
---------------+----------------------------------+-----
Unarmed Combat | 1 2 3 4 5 6 8 10 11 12 | 12.1
Fighting       | 1 2 3 4 5 7 8 10 | 10.4
Dodging        | 3 4 |  4.1
Stealth        | |  1.0
Spellcasting   | |  1.2
Conjurations   | |  0.6
Air Magic      | |  2.0

Action                     |  1- 3 |  4- 6 |  7- 9 | 10-12 || total
---------------------------+-------+-------+-------+-------++-------
  Melee: Unarmed           |    90 |   151 |   237 |   185 ||   663
         Punch             |     1 |     2 |     5 |    10 ||    18
  Throw: Boomerang         |       |       |       |     2 ||     2
   Cast: Shock             |       |       |       |     1 ||     1
  Evoke: Wand              |       |       |     5 |     1 ||     6
    Use: Scroll            |       |       |     2 |     1 ||     3
         Potion            |       |       |     1 |       ||     1
   Stab: Sleeping          |     3 |     6 |       |       ||     9
         Paralysed         |       |       |     2 |     1 ||     3
 Armour: Robe              |    45 |    82 |    45 |       ||   172
         Steam dragon scal |       |       |   124 |   179 ||   303
  Dodge: Dodged            |    33 |    55 |    80 |    84 ||   252
